 Dungeon Crawl Stone Soup version 0.24.0-123-gd5b16e6ec5 (webtiles) character file.

Game seed: 922200235261914361, levelgen mode: deterministic

12991 Elellon the Basher (level 11, -1/99 HPs)
             Began as a Deep Dwarf Fighter on Jan 4, 2020.
             Was a High Priest of Makhleb.
             Slain by a skeletal warrior
             ... wielding a +0 glaive
             ... led by a skeletal warrior
              (21 damage)
             ... on level 12 of the Dungeon.
             The game lasted 00:36:24 (9323 turns).

Elellon the Basher (Deep Dwarf Fighter)             Turns: 9323, Time: 00:36:24

Health: -1/99      AC:  8    Str: 22    XL:     11   Next: 69%
Magic:  2/2        EV:  9    Int: 10    God:    Makhleb [*****.]
Gold:   635        SH: 11    Dex: 12    Spells: 10/10 levels left

rFire    . . .     SeeInvis .   o - +4 flail
rCold    + . .     Gourm    .   B - +0 shield {rPois}
rNeg     + . .     Faith    .   b - +2 ring mail {rC+}
rPois    +         Spirit   .   (no helmet)
rElec    .         Reflect  .   (no cloak)
rCorr    +         Harm     .   (no gloves)
MR       +....                  (no boots)
Stlth    +.........             q - amulet of the acrobat
HPRegen  0.00/turn              J - ring of positive energy
MPRegen  0.08/turn              L - ring of resist corrosion

@: non-regenerating
A: damage resistance, heal wounds, sense surroundings 2, no regeneration
a: Heal Wounds, Minor Destruction, Lesser Servant of Makhleb, Major Destruction,
Greater Servant of Makhleb, Renounce Religion


You were on level 12 of the Dungeon.
You worshipped Makhleb.
Makhleb was extremely pleased with you.
You were not hungry.

You visited 2 branches of the dungeon, and saw 13 of its levels.

You collected 635 gold pieces.

Inventory:

Hand Weapons
 a - a +0 war axe
 o - a +4 flail (weapon)
Missiles
 j - 107 sling bullets
 t - 4 poisoned darts (quivered)
Armour
 b - a +2 ring mail of cold resistance (worn)
 c - a +0 plate armour
 B - a +0 shield of poison resistance (worn)
Jewellery
 q - an amulet of the acrobat (around neck)
 J - a ring of positive energy (left hand)
 K - an uncursed ring of ice
 L - a ring of resist corrosion (right hand)
Wands
 v - a wand of disintegration (17)
 x - a wand of polymorph (10)
Scrolls
 e - 6 scrolls of teleportation
 g - 2 scrolls of fog
 i - 4 scrolls of blinking
 k - 7 scrolls of remove curse
 l - 5 scrolls of identify
 m - a scroll of amnesia {unknown}
 p - a scroll of fear {unknown}
 s - a scroll of noise {unknown}
 u - 4 scrolls of immolation {unknown}
 z - 2 scrolls of enchant weapon {unknown}
 H - a scroll of brand weapon {unknown}
 I - a scroll of vulnerability {unknown}
 M - a scroll of magic mapping {unknown}
 N - a scroll of enchant armour {unknown}
Potions
 d - 3 potions of might
 h - 7 potions of curing
 n - 2 potions of berserk rage
 r - 6 potions of heal wounds
 w - 2 potions of cancellation {unknown}
 A - a potion of resistance {unknown}
 C - a potion of degeneration {unknown}
 D - a potion of brilliance {unknown}
 F - a potion of haste {unknown}
 G - a potion of ambrosia {unknown}
Comestibles
 f - 15 rations
 E - 5 chunks of flesh


   Skills:
 + Level 6.5 Fighting
 - Level 7.3(11.6) Axes
 * Level 12.9(13.5) Maces & Flails
 + Level 8.7 Armour
 - Level 0.1 Dodging
 + Level 8.1 Shields


You had 10 spell levels left.
You didn't know any spells.
Your spell library contained the following spells:

 Spells                   Type           Power        Failure   Level  Hunger
 Flame Tongue             Conj/Fire      #....        80%         1    ##.....
 Poisonous Vapours        Pois/Air       #.....       91%         2    ###....
 Throw Flame              Conj/Fire      #.....       91%         2    ###....
 Conjure Flame            Conj/Fire      #.......     99%         3    ####...
 Inner Flame              Hex/Fire       #.......     99%         3    ####...
 Mephitic Cloud           Conj/Pois/Air  #.......     99%         3    ####...
 Sticky Flame             Conj/Fire      #.......     100%        4    #####..
 Fireball                 Conj/Fire      #.........   100%        5    ######.
 Freezing Cloud           Conj/Ice/Air   #.........   100%        6    #######
 Ring of Flames           Chrm/Fire      #.........   100%        7    #######


Dungeon Overview and Level Annotations

Branches:
Dungeon (11/15)            Temple (1/1) D:4            Lair (0/6) D:9
    Orc (0/2) D:9

Altars:
Ashenzari
Cheibriados
Dithmenos
Elyvilon
Fedhas
Gozag
Hepliaklqana
Kikubaaqudgha
Makhleb
Nemelex Xobeh
Okawaru
Qazlal
Ru
Sif Muna
Trog
Uskayaw
Vehumet
Wu Jian
Xom
Yredelemnul
Zin
The Shining One
Beogh


Innate Abilities, Weirdness & Mutations

You are resistant to damage.
You can heal yourself by infusing magical energy.
You passively map the area around you.
You do not regenerate.


Message History

* * * LOW HITPOINT WARNING * * *
You hear a shout!
You are too injured to fight recklessly!
You are too injured to fight recklessly!
You are too injured to fight recklessly!
You are too injured to fight recklessly!
You are too injured to fight recklessly!
You feel much better.
A troll comes into view.
The skeletal warrior hits you with a +0 halberd!
You hit the skeletal warrior.
The skeletal warrior is lightly damaged.
The skeletal warrior hits you from afar with a +0 glaive!
* * * LOW HITPOINT WARNING * * *
You closely miss the skeletal warrior.
The skeletal warrior is lightly damaged.
The skeletal warrior hits you with a +0 halberd.
* * * LOW HITPOINT WARNING * * *
The skeletal warrior hits you from afar with a +0 glaive!!
You die...

* * ,* * * * * * ,
* * * * *### * ,* ,
... , *, * * #.#
#.# * * #.### #.#
#.# * * *
.....T###.###.# ,*
#.zz@......# * *
*#..###.###.# *, *
*#. #.# #.# ,
#..###.###.#
#......).).## , * *
#..###†...).#######
,* *#
######........ * **
#########* < * ,


You could see 2 skeletal warriors and a troll.

Vanquished Creatures
  Gastronok (D:8)
  A two-headed ogre (D:10)
  A skeletal warrior (D:12)
  A gargoyle (D:8)
  2 trolls
  A slime creature (D:8)
  3 hippogriffs
  A wyvern (D:8)
  A human (D:8)
  A hungry ghost (D:9)
  A steam dragon (D:7)
  5 yaks
  A sky beast (D:5)
  11 orc warriors
  5 ice beasts
  3 phantoms
  10 ogres
  3 centaurs
  2 big kobolds (D:10)
  4 bullfrogs
  4 gnoll sergeants
  A water moccasin zombie (D:10)
  6 scorpions
  A wyvern skeleton (D:6)
  3 killer bees
  17 wights
  5 howler monkeys
  2 electric eels (D:11)
  7 crimson imps
  A centaur zombie (D:8)
  A bullfrog zombie (D:11)
  A quasit (D:9)
  10 orc priests
  4 bullfrog skeletons
  6 hounds
  2 jellies
  12 orc wizards
  7 iguanas
  9 worker ants
  Terence (D:2)
  4 hound skeletons
  2 howler monkey skeletons (D:8)
  19 adders
  8 gnolls
  2 shadow imps (D:7)
  3 adder zombies
  4 worms
  2 dart slugs
  4 leopard geckos
  61 orcs
  5 giant cockroaches
  3 goblins
  4 hobgoblins
  7 jackals
  16 kobolds
  6 quokkas
  2 ball pythons
  2 bats
  2 frilled lizards
  A jackal zombie (D:6)
  2 quokka skeletons (D:8)
  2 rats (D:3)
319 creatures vanquished.

Vanquished Creatures (collateral kills)
  A phantom (D:7)
1 creature vanquished.

Grand Total: 320 creatures vanquished

Notes
Turn   | Place    | Note
-------+----------+-------------------------------------------
     0 | D:1      | Elellon the Deep Dwarf Fighter began the quest for the Orb.
     0 | D:1      | Reached XP level 1. HP: 20/20 MP: 1/1
   211 | D:1      | Reached XP level 2. HP: 25/27 MP: 2/2
   937 | D:2      | Reached XP level 3. HP: 22/33 MP: 3/3
  1073 | D:2      | Noticed Terence
  1086 | D:2      | Killed Terence
  1318 | D:3      | Reached XP level 4. HP: 27/40 MP: 4/4
  1330 | D:3      | Found an iron altar of Okawaru.
  1537 | D:3      | Found a glowing silver altar of Zin.
  2046 | D:4      | Reached XP level 5. HP: 41/48 MP: 5/5
  2093 | D:4      | Reached skill level 5 in Axes
  2223 | D:4      | Found a staircase to the Ecumenical Temple.
  2231 | Temple   | Entered the Ecumenical Temple
  2298 | Temple   | Became a worshipper of Makhleb the Destroyer
  2386 | D:4      | Reached XP level 6. HP: 38/56 MP: 6/6
  2563 | D:4      | Found a shattered altar of Ashenzari.
  2727 | D:5      | Entered Level 5 of the Dungeon
  2880 | D:5      | Noticed a sky beast
  2915 | D:5      | Killed a sky beast
  3402 | D:6      | Reached XP level 7. HP: 36/62 MP: 7/7
  3413 | D:6      | Reached * piety under Makhleb
  3476 | D:6      | Reached skill level 5 in Armour
  3490 | D:6      | Reached skill level 1 in Maces & Flails
  3629 | D:6      | Reached skill level 2 in Maces & Flails
  3695 | D:6      | Reached XP level 8. HP: 62/72 MP: 7/7
  3711 | D:6      | Reached skill level 5 in Shields
  3763 | D:6      | Reached skill level 3 in Maces & Flails
  3911 | D:6      | Reached skill level 4 in Maces & Flails
  3976 | D:6      | Found a snail-covered altar of Cheibriados.
  4140 | D:6      | Found a bloodstained altar of Trog.
  4239 | D:7      | Reached skill level 5 in Maces & Flails
  4374 | D:7      | Reached skill level 6 in Maces & Flails
  4421 | D:7      | Reached ** piety under Makhleb
  4434 | D:7      | Gained mutation: You passively map the area around you.
                  | [Deep Dwarf growth]
  4434 | D:7      | Reached XP level 9. HP: 72/79 MP: 7/7
  4668 | D:7      | Found a sacrificial altar of Ru.
  4697 | D:7      | Reached skill level 7 in Maces & Flails
  5355 | D:8      | Reached skill level 8 in Maces & Flails
  5548 | D:8      | Reached skill level 5 in Fighting
  5589 | D:8      | Reached *** piety under Makhleb
  5642 | D:8      | Noticed a gargoyle
  5661 | D:8      | Reached skill level 9 in Maces & Flails
  6013 | D:8      | Killed a gargoyle
  6013 | D:8      | Reached XP level 10. HP: 37/88 MP: 4/4
  6303 | D:8      | Noticed Gastronok
  6384 | D:8      | Killed Gastronok
  6384 | D:8      | Reached skill level 11 in Maces & Flails
  6568 | D:8      | Found a roughly hewn altar of Beogh.
  6966 | D:8      | Reached **** piety under Makhleb
  7184 | D:9      | Found a staircase to the Lair.
  7189 | D:9      | Found an ornate altar of the Wu Jian Council.
  7401 | D:9      | Found a staircase to the Orcish Mines.
  7537 | D:8      | Reached XP level 11. HP: 36/97 MP: 2/2
  7636 | D:9      | Reached ***** piety under Makhleb
  7680 | D:9      | Found a blossoming altar of Fedhas.
  7680 | D:9      | Found an ancient bone altar of Kikubaaqudgha.
  7685 | D:9      | Found a faded altar of an unknown god.
  7687 | D:9      | Found a radiant altar of Vehumet.
  7688 | D:9      | Found a faded altar of an unknown god.
  7907 | D:10     | Entered Level 10 of the Dungeon
  8076 | D:9      | Reached skill level 12 in Maces & Flails
  8432 | D:10     | Noticed a two-headed ogre
  8770 | D:10     | Killed a two-headed ogre
  8839 | D:10     | Found a sacrificial altar of Ru.
  9269 | D:11     | You fall into a shaft and drop 1 floor!
  9283 | D:12     | Noticed a skeletal warrior
  9310 | D:12     | Killed a skeletal warrior
  9315 | D:12     | Noticed a skeletal warrior
  9316 | D:12     | Noticed a skeletal warrior
  9323 | D:12     | Slain by a skeletal warrior

Levels and vault maps discovered:
D:1:      moated_graveyard_arrival, layout_basic
D:2:      layout_basic, grunt_ministairs_7, uniq_terence
D:3:      layout_rooms, zin_statuary, first_ration, roderic_roman_lattice,
          okawaru_metal_pillars_3
D:4:      minmay_recursive_quarters, layout_basic, lemuel_round_altar,
          minmay_temple_entry_overgrown
D:5:      layout_gridville, grunt_ministairs_9
D:6:      layout_rooms, lemuel_doored_altar, kennysheep_little_box,
          chequers_serial_rivers_micro_c, kennysheep_generic_room_4
D:7:      layout_loops_ring, lemuel_altar_in_water2
D:8:      minmay_bloctagon, layout_basic, special_room [special_room_orc],
          grunt_pizzeria, uniq_gastronok
D:9:      layout_irregular_city, chequers_temple_overflow_minitemple,
          overflow_temple_1_default, lair_entry_dummy,
          kennysheep_orc_monster_closet_entryway, item_on_display_a
D:10:     layout_cave_pools, basic_altar
D:11:     layout_basic
D:12:     layout_loops_ring, fake_guardian_serpent_vault
Temple:   nicolae_temple_great_sept

Skill      XL: |  1  2  3  4  5  6  7  8  9 10 11 |
---------------+----------------------------------+-----
Axes           | 3 4 5 6 7 |  7.3
Shields        | 4 5 6 7 8 |  8.1
Armour         | 4 5 6 7 8 |  8.7
Fighting       | 3 4 5 6 |  6.5
Maces & Flails | 2 6 9 11 12 | 12.9
Dodging        | |  0.1

Action                   |  1- 3 |  4- 6 |  7- 9 | 10-12 || total
-------------------------+-------+-------+-------+-------++-------
Melee: War axe           |    48 |   180 |    21 |       ||   249
       Flail             |       |       |   441 |   743 ||  1184
Throw: Dart              |    22 |    29 |    91 |     3 ||   145
 Abil: Heal Wounds       |       |     4 |    14 |    14 ||    32
  Use: Scroll            |       |     4 |     4 |     2 ||    10
  Eat: Chunk             |     1 |     7 |     8 |     1 ||    17
       Ration            |       |       |     1 |     3 ||     4
Armor: Scale mail        |    29 |    67 |    44 |       ||   140
       Chain mail        |       |       |    91 |    18 ||   109
       Plate armour      |       |       |       |   279 ||   279
       Ring mail         |       |       |       |    15 ||    15
Dodge: Dodged            |    15 |    47 |    96 |   189 ||   347
Block: Shield            |    35 |    82 |   181 |   431 ||   729
